 Dungeon Crawl Stone Soup version 0.32-a0-818-gb728d0252e (webtiles) character file.

Game seed: 6605702082524426401

1417947 jestert79 the Hoplite (level 25, 179/179 HPs)
             Began as an Octopode Summoner on Mar 21, 2024.
             Was an Initiate of Gozag.
             Escaped with the Orb
             ... and 3 runes on Mar 23, 2024!
             The game lasted 08:18:22 (90302 turns).

jestert79 the Hoplite (Octopode Summoner)          Turns: 90302, Time: 08:18:23

Health: 179/179    AC:  7    Str: 18    XL:     25   Next: 78%
Magic:  37/37      EV: 37    Int: 31    God:    Gozag
Gold:   408        SH: 34    Dex: 24    Spells: 5/44 levels left

rFire   + . .        e - +8 autumn katana {manifold assault}
rCold   + . .        u - +4 tower shield "Umufoi" {Str+3 Int+3}
rNeg    . . .        d - +1 hat "Xoj Johu" {rElec rCorr Dex+3}
rPois   +            g - amulet of reflection
rElec   +            L - +4 ring of protection
rCorr   +            J - +5 ring of evasion
SInv    .            k - ring of willpower
Will    +++..        y - +6 ring of intelligence
Stlth   ++           x - +5 ring of evasion
HPRegen 0.49/turn    U - ring "Gantawn" {Will+ Dex+3 Slay+4}
MPRegen 0.25/turn    M - ring of protection from fire
                     K - +6 ring of strength

%: reflection
@: studying 2 skills, bribing [the Dungeon, the Vaults, the Realm of Zot, the
Depths]
A: almost no armour, amphibious, 8 rings, camouflage 1, gelatinous body 1,
(nimble swimmer 1), tentacles, cold resistance 1, poison resistance, shaggy fur
1
0: Orb of Zot
}: 3/15 runes: serpentine, barnacled, silver
a: Renounce Religion, Potion Petition, Call Merchant, Bribe Branch


You escaped.
You worshipped Gozag.
Gozag was aware of your devotion.
You visited 11 branches of the dungeon, and saw 52 of its levels.
You also visited: Gauntlet and Volcano.

You collected 27230 gold pieces.
You spent 5710 gold pieces at shops.
You paid 21112 gold pieces to Gozag.

Inventory:

Hand Weapons
 e - the +8 autumn katana (weapon) {manifold assault}
   (You took it off a deep elf zephyrmancer on level 3 of the Elven Halls)
 T - the +7 long sword of Truncation {freeze, Int+4}
   (You found it in a Gauntlet)

   Int+4:     It affects your intelligence (+4).
Missiles
 f - 16 curare-tipped darts (quivered)
 S - 3 throwing nets
Armour
 d - the +1 hat "Xoj Johu" (worn) {rElec rCorr Dex+3}
   (You found it on level 2 of the Vaults)

   Dex+3:     It affects your dexterity (+3).
   rElec:     It insulates you from electricity.
   rCorr:     It protects you from acid and corrosion.
 u - the +4 tower shield "Umufoi" (worn) {Str+3 Int+3}
   (You took it off Louise on level 4 of the Shoals)

   Str+3:     It affects your strength (+3).
   Int+3:     It affects your intelligence (+3).
Jewellery
 g - an amulet of reflection (around mantle)
 k - a ring of willpower (on tentacle)
 l - a ring of protection from cold
 t - a ring of poison resistance
 x - a +5 ring of evasion (on tentacle)
 y - a +6 ring of intelligence (on tentacle)
 A - a ring of see invisible
 B - a +6 ring of dexterity
 G - a ring of flight
 J - a +5 ring of evasion (right tentacle)
 K - a +6 ring of strength (on tentacle)
 L - a +4 ring of protection (left tentacle)
 M - a ring of protection from fire (on tentacle)
 U - the ring "Gantawn" (on tentacle) {Will+ Dex+3 Slay+4}
   (You found it in a Gauntlet)

   [ring of slaying]

   Dex+3:     It affects your dexterity (+3).
   Slay+4:    It affects your accuracy & damage with ranged weapons and melee
   (+4).
   Will+:     It increases your willpower.
 W - a +6 ring of strength
Wands
 v - a wand of quicksilver (37)
 D - a wand of digging (29)
 N - a wand of warping (36)
 O - a wand of flame (13)
 R - a wand of charming (35)
Scrolls
 c - 5 scrolls of fog
 m - 10 scrolls of teleportation
 o - 2 scrolls of summoning
 p - 5 scrolls of poison
 F - 3 scrolls of vulnerability
 H - 43 scrolls of identify
 I - 8 scrolls of amnesia
Potions
 a - 8 potions of magic
 b - 4 potions of haste
 h - 12 potions of might
 i - 5 potions of ambrosia
 j - 6 potions of cancellation
 n - 25 potions of curing
 q - 7 potions of enlightenment
 r - 6 potions of berserk rage
 s - 10 potions of brilliance
 z - 7 potions of heal wounds
 P - 2 potions of attraction
 Q - 7 potions of lignification
 X - 7 potions of mutation
 Y - 4 potions of resistance
 Z - 6 potions of invisibility
Miscellaneous
 V - a phantom mirror (inert)


   Skills:
 + Level 16.4 Fighting
 - Level 14.0 Long Blades
 + Level 17.3 Dodging
 - Level 7.2 Stealth
 + Level 22.4 Shields
 - Level 10.0 Spellcasting
 - Level 13.2 Conjurations
 - Level 7.2 Hexes
 - Level 17.5 Summonings
 - Level 14.9 Translocations
 - Level 8.5 Fire Magic
 - Level 7.6 Ice Magic
 - Level 8.0 Air Magic
 - Level 7.0 Alchemy


You had 5 spell levels left.
You knew the following spells:

 Your Spells              Type           Power      Damage    Failure   Level
a - Apportation           Tloc           100%       N/A       0%          1
b - Olgreb's Toxic Radia  Alch           56%        N/A       2%          4
c - Ignite Poison         Fire/Alch      59%        N/A       1%          4
d - Summon Cactus Giant   Summ           45%        N/A       1%          6
e - Summon Mana Viper     Hex/Summ       75%        N/A       1%          5
f - Iskenderun's Mystic   Conj/Tloc      80%        2d16      1%          4
g - Mephitic Cloud        Conj/Alch/Air  65%        N/A       1%          3
h - Freezing Cloud        Conj/Ice/Air   33%        6-21      2%          5
i - Malign Gateway        Summ/Tloc      43%        N/A       5%          7

Your spell library contained the following spells:

 Spells                   Type           Power      Damage    Failure   Level
 Summon Small Mammal      Summ           100%       N/A       0%          1
 Call Imp                 Summ           100%       N/A       0%          2
 Lesser Beckoning         Tloc           100%       N/A       0%          2
 Call Canine Familiar     Summ           90%        N/A       0%          3
 Freeze                   Ice            100%       1d10      1%          1
 Kiss of Death            Conj/Necr      100%       2d13      1%          1
 Magic Dart               Conj           100%       1d8       1%          1
 Slow                     Hex            100%       N/A       1%          1
 Sting                    Conj/Alch      100%       1d9       1%          1
 Ensorcelled Hibernation  Hex/Ice        100%       N/A       1%          2
 Jinxbite                 Hex            100%       N/A       1%          2
 Mercury Vapours          Alch/Air       100%       N/A       1%          2
 Scorch                   Fire           100%       2d9       1%          2
 Searing Ray              Conj           100%       2d8       1%          2
 Static Discharge         Conj/Air       100%       3-8/arc   1%          2
 Confusing Touch          Hex            57%        N/A       1%          3
 Frozen Ramparts          Ice            100%       1d16      1%          3
 Gell's Gravitas          Tloc           83%        N/A       1%          3
 Hailstorm                Conj/Ice       68%        3d12      1%          3
 Inner Flame              Hex/Fire       59%        N/A       1%          3
 Ozocubu's Armour         Ice            58%        N/A       1%          3
 Sigil of Binding         Hex            57%        N/A       1%          3
 Summon Ice Beast         Ice/Summ       76%        N/A       1%          3
 Teleport Other           Tloc           83%        N/A       1%          3
 Tukima's Dance           Hex            57%        N/A       1%          3
 Volatile Blastmotes      Fire/Tloc      100%       2d18      1%          3
 Airstrike                Air            30%        2d(5-21)  1%          4
 Dimensional Bullseye     Hex/Tloc       35%        N/A       1%          4
 Flame Wave               Conj/Fire      70%        2d16      1%          4
 Fulminant Prism          Conj/Alch      33%        3d15      1%          4
 Martyr's Knell           Necr/Summ      63%        N/A       1%          4
 Sticky Flame             Fire/Alch      59%        2d10      1%          4
 Summon Blazeheart Golem  Fire/Summ      77%        N/A       1%          4
 Summon Lightning Spire   Summ/Air       76%        N/A       1%          4
 Vhi's Electric Charge    Tloc/Air       100%       N/A       1%          4
 Arcjolt                  Conj/Air       34%        1d44      1%          5
 Fireball                 Conj/Fire      35%        3d15      1%          5
 Summon Forest            Summ/Tloc      43%        N/A       1%          5
 Cause Fear               Hex            28%        N/A       2%          4
 Irradiate                Conj/Alch      33%        3d22      2%          5
 Necrotise                Necr           60%        1d7       4%          1
 Metabolic Englaciation   Hex/Ice        28%        N/A       6%          5
 Sublimation of Blood     Necr           15%        N/A       8%          2
 Alistair's Intoxication  Alch           37%        N/A       8%          5
 Anguish                  Hex/Necr       19%        N/A       11%         4
 Leda's Liquefaction      Alch/Erth      18%        N/A       12%         4
 Petrify                  Alch/Erth      37%        N/A       12%         4
 Fugue of the Fallen      Necr           15%        N/A       14%         3
 Passwall                 Erth           15%        N/A       14%         3
 Vampiric Draining        Necr           15%        2d7       14%         3
 Dispel Undead            Necr           15%        3d10      43%         4
 Borgnjor's Vile Clutch   Necr/Erth      7%         N/A       80%         5
 Curse of Agony           Necr           15%        N/A       80%         5
 Lee's Rapid Deconstruct  Erth           7%         3d7*      80%         5
 Dispersal                Tloc           41%        N/A       1%          6
 Monstrous Menagerie      Summ           45%        N/A       3%          7
 Summon Hydra             Summ           45%        N/A       3%          7
 Spellforged Servitor     Conj/Summ      42%        N/A       8%          7
 Summon Horrible Things   Summ           45%        N/A       24%         8
 Plasma Beam              Fire/Air       30%        2x1d43    26%         6
 Sculpt Simulacrum        Ice/Alch       28%        N/A       36%         6
 Bombard                  Conj/Erth      27%        9d5       45%         6
 Haunt                    Necr/Summ      31%        N/A       75%         7
 Permafrost Eruption      Ice/Erth       19%        2x4d6     85%         6
 Ozocubu's Refrigeration  Ice            29%        4d13      88%         7
 Dragon's Call            Summ           45%        N/A       98%         9
 Death Channel            Necr           7%         N/A       100%        6
 Ignition                 Fire           31%        3d10      100%        8
 Infestation              Necr           7%         N/A       100%        8
 Polar Vortex             Ice            29%        12d3*     100%        9
 Animate Dead             Necr           Unusable   N/A       N/A         4

Dungeon Overview and Level Annotations

Branches:
Dungeon (15/15)            Temple (1/1) D:6            Lair (5/5) D:9
 Shoals (4/4) Lair:3        Snake (4/4) Lair:2        Slime (4/5) Lair:5
    Orc (2/2) D:12            Elf (3/3) Orc:2        Vaults (5/5) D:14
  Crypt (0/3) Vaults:3     Depths (4/4) D:15            Zot (5/5) Depths:4
Volcano (visited)         Gauntlet (visited)

Altars:
Ashenzari
Cheibriados
Dithmenos
Elyvilon
Fedhas
Gozag
Hepliaklqana
Kikubaaqudgha
Makhleb
Nemelex Xobeh
Okawaru
Qazlal
Ru
Sif Muna
Trog
Uskayaw
Vehumet
Wu Jian
Xom
Yredelemnul
Zin
The Shining One
Beogh
Jiyva
Lugonu

Shops:
D:1 :=*=   D:8 *   Orc:2 ([:!   Elf:1 (   Elf:2 *   Shoals:2 *   Snake:1 *
Snake:4 =   Vaults:2 ?   Vaults:3 *   Vaults:5 =[

Portals:
Hell: Depths:1 Depths:2 Depths:3 Depths:4
Abyss: Depths:3
Pandemonium: Depths:2
Ziggurat: Depths:2
Trove: D:13 (give 4 potions of resistance)

Annotations:
Lair:4 2 transporters, exclusion: door
Snake:3 Roxanne
Snake:4 1 runed translucent door, yleetSyT's ghost, adept DrGl
Elf:2 3 runed translucent doors
Elf:3 6 runed translucent doors, Quimia Kaeg's ghost, adept MiBe
Vaults:3 3 runed translucent doors, Xedevy's ghost, adept KoEn
Vaults:4 2 transporters, Xedevy's ghost, adept KoEn
Depths:1 3 runed translucent doors
Zot:1 1 transporter


Innate Abilities, Weirdness & Mutations

You cannot wear most types of armour.
You are amphibious.
You can wear up to eight rings at the same time.
Your skin changes colour to match your surroundings (Stealth+).
Your rubbery body absorbs attacks. (AC +1, EV +1)
((You are camouflaged when in or above water. (Stealth+)))
You have tentacles for arms and can constrict up to eight enemies at once.
Your flesh is cold resistant. (rC+)
Your system is resistant to poisons. (rPois)
You are covered in fur. (AC +1)


Message History

A profane servitor comes into view. It is wielding a +1 whip of venom.
The profane servitor stares, then turns away, jangling a coin purse.
There is a fountain of clear blue water here.
You can't go up here!
The demonspawn warmonger stares, then turns away, jangling a coin purse.
Your reaper grins greedily, jangling a coin purse.
A demonspawn warmonger and a reaper come into view.
The demonspawn warmonger is wielding a +3 demon trident of venom, wearing a +7 plate armour of ponderousness and wearing a +1 kite shield of cold resistance.
Your reaper is wielding a +1 heavy scythe.
There is a stone staircase leading up here.
You climb upwards.
There is a stone staircase leading down here.
HP restored.
Things that are here:
a +0 short sword; an orc skeleton
Items here: )) [[ ÷÷÷.
You see here a +0 ring mail.
There is a stone staircase leading up here.
You climb upwards.
There is a stone staircase leading down here.
Your Orb Guardian grins greedily, jangling a coin purse.
An Orb Guardian comes into view.
Your Orb Guardian moves out of view.
There is an open door here.
There is an open door here.
Your reaper grins greedily, jangling a coin purse.
A reaper comes into view. It is wielding a +2 vampiric scythe.
Your reaper moves out of view.
You swap places.
There is a stone staircase leading up here.
You climb upwards.
There is a stone staircase leading down here.
You swap places.
There is a stone staircase leading up here.
You climb upwards.
There is a stone staircase leading down here.
There is an escape hatch in the ceiling here.
A mysterious force pulls you upwards. The hatch slams shut behind you.
There is an open door here.
There is a staircase leading out of the dungeon here.
You have escaped!

##.# #.# ###+###....##.#
...#####.#####.....'....##.#
##.......#...#.....##...##.#
#.##..###.ß.+..⌠..##...##.#
#.##..###...#.....##....#>#
#.......#####.....'..#..#.#
####..### ###'###..#..#÷#
#..# #.2.#.#.#..#.# #..#
#.@.#.#.#..#.# #..######
#...#.#.#..#.##
#.......#######.........#
#.....).......#.#######.#
#########.#.....# #.#
#..###### #.# #..##### #†#
##### #....>.# #.# #...#####
##.###.# #.#


You could see a friendly reaper.

Vanquished Creatures
  Xtahua (Depths:2)
  Saint Roka (Depths:1)
  A caustic shrike (Depths:2)
  4 golden dragons
  Nikola (Elf:3)
  Norris (Depths:3)
  2 electric golems
  14 tentacled monstrosities
  Mlioglotl (Shoals:2)
  2 Orb Guardians
  A walking divine tome (Depths:4)
  A deep elf blademaster (Elf:3)
  5 sphinxes
  7 quicksilver dragons
  A walking frostbound tome (Depths:2)
  2 liches (Depths:2)
  3 acid blobs
  3 deep elf master archers (Elf:3)
  A kraken (Shoals:4)
  Gastronok (D:12)
  4 death cobs (Zot:3)
  Polyphemus (Shoals:3)
  7 storm dragons
  5 tengu reavers
  Agnes (D:14)
  Aizul (Snake:3)
  7 nagarajas
  A rockslime (Lair:5)
  2 azure jellies
  5 draconian monks
  7 shadow dragons
  3 protean progenitors
  5 fire giants
  8 frost giants
  3 draconian knights
  A draconian shifter (Zot:3)
  2 balrugs
  7 deep elf sorcerers
  Louise (Shoals:4)
  A cacodemon (Zot:2)
  10 vault wardens
  5 deep elf elementalists (Elf:3)
  A ghost moth (Zot:2)
  4 draconian scorchers
  2 quicksilver oozes (Slime:2)
  2 draconian annihilators (Zot:2)
  2 draconian stormcallers
  3 spriggan defenders
  2 broodmothers
  13 ironbound preservers
  6 formless jellyfish
  4 orc warlords
  17 very ugly things
  9 stone giants
  8 ironbound thunderhulks
  9 deep elf demonologists
  10 black draconians
  5 spark wasps
  7 green draconians
  4 dire elephants
  6 white draconians
  5 red draconians
  9 deep elf annihilators
  9 deep elf death magi
  2 vampire knights (Depths:3)
  14 purple draconians
  8 yellow draconians
  2 minotaurs
  3 war gargoyles
  7 deep elf high priests
  5 ettins
  11 merfolk impalers
  Josephine (Lair:3)
  9 fire dragons
  2 entropy weavers (Vaults:1)
  10 yaktaur captains
  2 merfolk javelineers
  10 vault guards
  3 great orbs of eyes
  A sphinx zombie (D:15)
  2 rakshasas
  2 peacekeepers
  3 spriggan air magi
  5 ice dragons
  3 salamander tyrants
  A hydra (Lair:5)
  14 centaur warriors
  6 merfolk avatars
  A radroach (Depths:4)
  3 catoblepae
  9 anacondas
  10 ironbound frosthearts
  A merfolk aquamancer (Shoals:4)
  A two-headed ogre (D:12)
  12 dancing weapons
  3 boulder beetles
  2 deep troll shamans (Depths:2)
  3 satyrs
  An alligator snapping turtle (Shoals:3)
  A tengu warrior (D:13)
  7 death yaks
  2 vampire magi
  The ghost of jamsaran the Toxicologist, a novice DgAl (D:9)
  4 deep troll earth magi
  5 orc high priests
  Urug (Lair:5)
  14 naga sharpshooters
  11 naga warriors
  2 occultists
  3 spriggan berserkers
  3 soul eaters
  A sun demon (Depths:2)
  8 deep elf knights
  9 shock serpents
  2 skeletal warriors (D:15)
  11 skysharks
  8 hell knights
  An iron troll (Depths:3)
  Lodul (D:14)
  5 salamander mystics
  A spark wasp zombie (D:15)
  16 sea snakes
  A sixfirhy (Zot:2)
  3 flayed ghosts
  3 glowing orange brains
  9 mana vipers
  40 deep trolls
  A mana viper (shapeshifter) (Vaults:3)
  11 orc knights
  7 ironbound convokers
  4 arcanists
  7 lindwurms
  8 deep elf archers
  23 deep elf pyromancers
  4 naga ritualists
  3 necromancers
  2 thermic dynamos (Elf:3)
  The ghost of smashvw the Shield-Bearer, a novice GnFi of Yredelemnul (D:6)
  23 deep elf zephyrmancers
  3 large abominations (Depths:3)
  A wolf spider zombie (D:9)
  10 harpies
  A faun (shapeshifter) (Depths:3)
  20 fauns
  18 salamanders
  10 orc sorcerers
  36 ugly things
  5 oklob plants (Lair:2)
  6 cyclopes
  11 manticores
  15 moths of wrath
  3 meliai (Shoals:3)
  A centaur zombie (D:9)
  5 merfolk sirens
  A shining eye (Slime:1)
  2 guardian serpents
  A meliai (shapeshifter) (D:13)
  23 elephants
  65 slime creatures
  21 black mambas
  23 naga magi
  5 water nymphs
  A molten gargoyle (Depths:4)
  7 vault sentinels
  2 kobold blastminers (Orc:1)
  An eye of devastation (Slime:1)
  2 gargoyles (Gauntlet)
  3 smoke demons
  A torpor snail (Lair:5)
  2 unseen horrors
  13 komodo dragons
  25 yaktaurs
  16 cane toads
  7 rime drakes
  A freezing wraith (Vaults:5)
  A tengu conjurer (D:13)
  5 polar bears
  13 trolls
  7 wind drakes
  23 merfolk
  A hellwing (D:7)
  3 hornets
  A spriggan zombie (D:15)
  11 blink frogs
  2 dream sheep (Shoals:1)
  7 saltlings (Orc:2)
  2 glass eyes
  4 snapping turtles
  Sigmund (D:2)
  A centaur simulacrum (D:9)
  A culicivora (Lair:5)
  12 water elementals
  A vampire (Vaults:3)
  4 air elementals
  A spriggan (Depths:4)
  2 wyverns
  44 yaks
  2 humans (D:10)
  A golden eye (D:4)
  4 wargs
  3 redbacks (shapeshifter)
  A basilisk (Lair:2)
  8 wraiths
  2 redbacks (Vaults:1)
  2 steam dragons
  A chaos spawn (Depths:3)
  11 vampire mosquitoes
  34 nagas
  A swamp worm (shapeshifter) (Depths:1)
  8 water moccasins
  An ice beast (D:6)
  6 black bears
  23 orc warriors
  A laughing skull (D:13)
  10 wolves
  10 centaurs
  17 ogres
  2 phantoms
  5 kobold brigands
  12 bullfrogs
  2 gnoll sergeants
  An earth elemental (Elf:3)
  5 scorpions
  8 small abominations (Depths:3)
  2 wights
  21 killer bees
  3 howler monkeys
  3 electric eels
  3 bombardier beetles
  2 crimson imps (D:13)
  2 hounds (D:5)
  4 lava snakes (Lair:2)
  A human simulacrum (Vaults:3)
  A jelly (D:7)
  Crazy Yiuf (D:5)
  12 orc priests
  2 gnoll boudas
  A sleepcap (D:4)
  4 iguanas
  21 orc wizards
  2 nameless horrors
  A boggart simulacrum (D:9)
  16 gnolls
  A river rat (D:6)
  5 adders
  A shadow imp (D:7)
  A white imp (D:6)
  2 ufetubi (D:6)
  A ribbon worm (shapeshifter) (D:14)
  3 ribbon worms
  2 dart slugs (D:1)
  45 orcs
  3 bats
  5 endoplasms
  7 giant cockroaches
  5 goblins
  4 hobgoblins
  A jackal (D:3)
  8 quokkas
  7 ball pythons
  7 frilled lizards
  48 kobolds
  2 rats
  2 aspiring fleshes (Zot:1)
  3 tentacles (Shoals:4)
1676 creatures vanquished.

Vanquished Creatures (collateral kills)
  A dread lich (Zot:5)
  An ancient lich (Zot:5)
  2 orbs of fire (Zot:5)
  A juggernaut (Depths:3)
  Vv (Zot:3)
  A Killer Klown (Zot:5)
  2 curse toes
  3 golden dragons
  A profane servitor (Zot:5)
  An electric golem (Zot:5)
  A lich (Depths:3)
  7 Orb Guardians (Zot:5)
  An eldritch tentacle (Depths:3)
  3 death cobs
  4 storm dragons
  3 shadow dragons
  A protean progenitor (Zot:2)
  3 draconian knights
  A draconian monk (Zot:1)
  5 frost giants
  A draconian shifter (Zot:4)
  2 draconian stormcallers
  A deep elf elementalist (Elf:3)
  A spriggan defender (Depths:3)
  2 ironbound thunderhulks
  3 stone giants
  2 very ugly things (Vaults:5)
  A draconian annihilator (Zot:4)
  3 black draconians
  A deep elf demonologist (Elf:3)
  A vampire knight (Depths:3)
  3 war gargoyles
  2 spark wasps (Depths:3)
  4 yellow draconians (Zot:4)
  2 purple draconians
  2 red draconians
  3 white draconians
  An ettin (Orc:2)
  2 deep elf high priests (Elf:3)
  A great orb of eyes (Vaults:3)
  A fire dragon (Depths:2)
  A vault guard (Vaults:5)
  A dancing weapon (Elf:1)
  2 tengu warriors
  An iron troll (Depths:3)
  A deep troll (Depths:3)
  A flayed ghost (Depths:3)
  2 ironbound convokers (Vaults:5)
  A deep elf pyromancer (Elf:1)
  2 ugly things (D:15)
  3 moths of wrath
  An elephant (Gauntlet)
  2 black mambas
  2 vault sentinels
  A torpor snail (Lair:5)
  A cane toad (Lair:2)
  A yaktaur (D:14)
  A komodo dragon (Lair:5)
  A tormentor (Zot:4)
  A hellwing (Zot:4)
  A slime creature (D:11)
  A spriggan (shapeshifter) (D:12)
  2 vampires (Vaults:3)
  A wyvern (D:9)
  A shadow (D:12)
  5 golden eyes (Slime:1)
  7 yaks (D:10)
  A basilisk (Lair:5)
  A redback (shapeshifter) (Vaults:5)
  A vampire mosquito (D:12)
  2 chaos spawn (Depths:3)
  5 water moccasins
  A sky beast (D:6)
  2 orc warriors
  A black bear (D:5)
  A laughing skull (D:13)
  2 centaurs (D:13)
  A phantom (D:5)
  12 wights
  15 killer bees (D:10)
  3 howler monkeys
  5 jellies
  2 hounds
  3 orc priests
  A sleepcap (D:6)
  Jessica (D:2)
  3 orc wizards (D:8)
  8 gnolls
  2 adders
  A dart slug (D:2)
  A ribbon worm (D:4)
  12 orcs
  A giant cockroach (D:4)
  3 goblins
  2 hobgoblins
  2 jackals (D:3)
  20 kobolds
  A quokka (D:5)
  A rat (D:2)
243 creatures vanquished.

Vanquished Creatures (others)
  4 tentacled monstrosities
  An Ice Fiend (Zot:4)
  9 Orb Guardians (Zot:5)
  A lich (Vaults:5)
  2 sphinxes (Vaults:5)
  6 eldritch tentacles
  A quicksilver dragon (Vaults:5)
  6 titans (Vaults:5)
  3 shadow dragons
  A tengu reaver (Vaults:5)
  A death cob (Zot:5)
  A storm dragon (Vaults:5)
  2 draconian knights
  A fire giant (Vaults:5)
  A frost giant (Vaults:5)
  2 protean progenitors (Zot:5)
  2 draconian scorchers
  A very ugly thing (Vaults:5)
  Nessos (Lair:5)
  5 stone giants (Vaults:5)
  A green draconian (Zot:5)
  A war gargoyle (Vaults:5)
  A deep elf death mage (Vaults:5)
  3 red draconians
  2 yellow draconians (Zot:5)
  A purple draconian (Zot:5)
  A deep elf annihilator (Elf:3)
  3 white draconians (Zot:5)
  An ettin (Vaults:5)
  3 deep elf high priests (Vaults:5)
  5 yaktaur captains (Vaults:5)
  21 vault guards (Vaults:5)
  2 anacondas (Zot:5)
  2 alligators (Zot:5)
  A phantasmal warrior (Vaults:5)
  2 ironbound convokers (Vaults:5)
  An orc knight (Vaults:5)
  A faun (shapeshifter) (Vaults:5)
  A manticore (Shoals:1)
  An ugly thing (Vaults:5)
  A large abomination (Zot:4)
  2 moths of wrath
  5 vault sentinels (Vaults:5)
  2 yaktaurs (Vaults:5)
  An orc warrior (Vaults:5)
  2 orcs (Vaults:5)
  196 blazeheart cores
  7 tentacles (Shoals:4)
321 creatures vanquished.

Grand Total: 2240 creatures vanquished

Notes
Turn   | Place    | Note
-------+----------+-------------------------------------------
     0 | D:1      | jestert79 the Octopode Summoner began the quest for the
                  | Orb.
     0 | D:1      | Reached XP level 1. HP: 11/11 MP: 3/3
   169 | D:1      | Reached XP level 2. HP: 14/17 MP: 3/5
   235 | D:1      | Found Maruz's General Store.
   402 | D:1      | Found Volub's Book Emporium.
   423 | D:1      | Reached XP level 3. HP: 21/21 MP: 6/6
   426 | D:1      | Learned a level 2 spell: Call Imp
   430 | D:1      | Learned a level 3 spell: Call Canine Familiar
   434 | D:1      | Found Uzedumea's Jewellery Shoppe.
   577 | D:1      | Found Bimurch's Jewellery Shop.
   865 | D:2      | Noticed Jessica
   900 | D:2      | Killed Jessica
   901 | D:2      | Reached skill level 5 in Summonings
   901 | D:2      | Reached XP level 4. HP: 27/27 MP: 2/7
   954 | D:2      | Noticed a golden eye
   956 | D:2      | Found a faded altar of an unknown god.
   960 | D:2      | Noticed a golden eye
   960 | D:2      | Noticed an eye of devastation
   960 | D:2      | Noticed an eye of devastation
  1035 | D:2      | Noticed Sigmund
  1568 | D:2      | Killed Sigmund
  1569 | D:2      | Reached skill level 5 in Stealth
  1569 | D:2      | Reached XP level 5. HP: 14/31 MP: 2/8
  1569 | D:2      | Reached XP level 6. HP: 17/36 MP: 2/9
  2146 | D:3      | Found a radiant altar of Vehumet.
  2937 | D:4      | Reached skill level 1 in Fighting
  2941 | D:4      | Reached XP level 7. HP: 36/43 MP: 8/10
  3273 | D:4      | Noticed a hornet
  3274 | D:4      | a hornet changed into a golden eye
  3274 | D:4      | Noticed a golden eye
  3277 | D:4      | Killed a golden eye
  3352 | D:4      | Learned a level 4 spell: Summon Blazeheart Golem
  3507 | D:4      | Reached skill level 1 in Fire Magic
  3716 | D:4      | Found a hazy altar of Hepliaklqana.
  3718 | D:4      | Reached XP level 8. HP: 51/51 MP: 11/11
  3729 | D:4      | Found a burning altar of Makhleb.
  3912 | D:5      | Entered Level 5 of the Dungeon
  4180 | D:5      | Found a basalt altar of Yredelemnul.
  4483 | D:5      | Found a runed translucent door.
  4484 | D:5      | Noticed Crazy Yiuf
  4924 | D:5      | Found a shadowy altar of Dithmenos.
  5252 | D:6      | Found a runed translucent door.
  5255 | D:6      | Noticed smashvw's ghost (novice GnFi)
  5891 | D:6      | Reached skill level 5 in Dodging
  6000 | D:6      | Reached XP level 9. HP: 52/59 MP: 4/12
  6149 | D:6      | Found a staircase to the Ecumenical Temple.
  6158 | Temple   | Entered the Ecumenical Temple
  6172 | Temple   | Became a worshipper of Gozag Ym Sagoz the Greedy
  6620 | D:6      | Found a snail-covered altar of Cheibriados.
  6740 | D:6      | Found a runed translucent door.
  7438 | D:6      | Reached skill level 5 in Fighting
  8041 | D:1      | Bought a +4 ring of protection for 432 gold pieces
  8837 | D:7      | Found a bloodstained altar of Trog.
  9541 | D:7      | Found an ornate altar of the Wu Jian Council.
  9566 | D:7      | Reached skill level 5 in Fire Magic
 10181 | D:1      | Bought a +5 ring of evasion for 360 gold pieces
 10423 | D:5      | Killed Crazy Yiuf
 10876 | D:8      | Noticed a red ugly thing
 10876 | D:8      | Noticed a manticore
 10876 | D:8      | Identified the +0 sling of Exoneration {heavy, ^Drain rPois
                  | Str+9 Int-4}
 10877 | D:8      | Identified the staff of Misery {^Contam rElec rN+ SInv Air}
 10877 | D:8      | Identified the ring "Ituxt" {Ice rCorr Dex+3}
 10877 | D:8      | Noticed a centaur warrior
 10877 | D:8      | Noticed a manticore
 10877 | D:8      | Noticed a manticore
 10894 | D:8      | Noticed a manticore
 11109 | D:8      | Reached XP level 10. HP: 68/68 MP: 13/13
 11238 | D:8      | Found Edeamn's Assorted Antiques.
 11247 | D:8      | Bought a scroll of identify for 48 gold pieces
 11372 | D:8      | Identified the +0 hand axe "Zopem" {venom, *Noise rC+ Dex+2
                  | Stlth+}
 11574 | D:8      | Found a sacrificial altar of Ru.
 11793 | D:8      | Noticed a five-headed hydra
 11848 | D:9      | Found a blossoming altar of Fedhas.
 12235 | D:9      | Found a staircase to the Lair.
 12448 | D:9      | Reached skill level 10 in Summonings
 12537 | D:8      | Bought a shiny sapphire ring for 120 gold pieces
 12571 | D:9      | Found a shimmering blue altar of Sif Muna.
 12952 | D:9      | Found a runed translucent gate.
 12952 | D:9      | Found a runed translucent gate.
 12953 | D:9      | Found a runed translucent gate.
 13235 | D:9      | Noticed jamsaran's ghost (novice DgAl)
 13407 | D:9      | Identified the ring "Koxydu" {Ice SInv}
 13566 | D:9      | Found a stormy altar of Qazlal.
 13669 | D:10     | Entered Level 10 of the Dungeon
 13835 | D:10     | Reached XP level 11. HP: 57/75 MP: 14/14
 14083 | D:10     | Learned a level 4 spell: Sticky Flame
 14184 | D:10     | Found a transporter.
 14186 | D:10     | Found a transporter.
 14294 | D:10     | Found an iron altar of Okawaru.
 14341 | D:10     | Reached skill level 1 in Alchemy
 14960 | D:10     | Upgraded the game from 0.32-a0-799-g95e1662365 to
                  | 0.32-a0-814-g0968bab981
 15353 | D:1      | Bought a +6 ring of dexterity for 432 gold pieces
 15353 | D:1      | Bought a ring of protection from fire for 300 gold pieces
 15757 | D:10     | Found a transporter.
 15758 | D:10     | Found a transporter.
 15884 | D:10     | Reached skill level 1 in Long Blades
 15987 | D:10     | Found a transporter.
 15993 | D:10     | Found a transporter.
 16659 | D:1      | Bought a +6 ring of strength for 360 gold pieces
 17008 | D:11     | Reached skill level 1 in Shields
 17129 | D:11     | Reached skill level 2 in Shields
 17204 | D:11     | Reached skill level 3 in Shields
 17239 | D:11     | You fall into a shaft and drop 1 floor!
 17441 | D:11     | Noticed a cyclops
 17447 | D:11     | Killed a cyclops
 17560 | D:11     | Reached skill level 4 in Shields
 17578 | D:11     | Reached skill level 5 in Shields
 18041 | D:12     | Noticed a cyclops
 18047 | D:12     | Killed a cyclops
 18048 | D:12     | Reached XP level 12. HP: 83/83 MP: 15/15
 18703 | D:12     | Reached skill level 6 in Shields
 18800 | D:12     | Reached skill level 7 in Shields
 18976 | D:12     | Noticed a two-headed ogre
 18994 | D:12     | Killed a two-headed ogre
 19011 | D:12     | Reached skill level 8 in Shields
 19129 | D:12     | Found a staircase to the Orcish Mines.
 19203 | D:12     | Noticed Gastronok
 19219 | D:12     | Killed Gastronok
 19220 | D:12     | Reached skill level 9 in Shields
 19594 | Lair:1   | Entered Level 1 of the Lair of Beasts
 19648 | Lair:1   | Found a gate leading to a gauntlet.
 19672 | Gauntlet | Entered a Gauntlet
 19672 | Gauntlet | Noticed a soul eater
 19672 | Gauntlet | Noticed a catoblepas
 19672 | Gauntlet | Found a transporter.
 19672 | Gauntlet | Found a transporter.
 19672 | Gauntlet | Found a transporter.
 19677 | Gauntlet | Found a transporter.
 19677 | Gauntlet | Found a transporter.
 19677 | Gauntlet | Found a transporter.
 19679 | Gauntlet | Found a large runed translucent door.
 19680 | Gauntlet | Found a large runed translucent door.
 19681 | Gauntlet | Found a large runed translucent door.
 19681 | Gauntlet | Found a large runed translucent door.
 19681 | Gauntlet | Found a runed translucent door.
 19682 | Gauntlet | Found a large runed translucent door.
 19683 | Gauntlet | Found a large runed translucent door.
 19683 | Gauntlet | Noticed a great orb of eyes
 19684 | Gauntlet | Found a large runed translucent door.
 19684 | Gauntlet | Found a large runed translucent door.
 19685 | Gauntlet | Found a runed translucent gate.
 19687 | Gauntlet | Found a transporter.
 19691 | Gauntlet | Found a transporter.
 19693 | Gauntlet | Noticed a dire elephant
 19707 | Gauntlet | Found a transporter.
 19708 | Gauntlet | Found a transporter.
 19725 | Gauntlet | Found a transporter.
 19729 | Gauntlet | Found a transporter.
 19731 | Gauntlet | Found a runed translucent gate.
 19731 | Gauntlet | Found a runed translucent gate.
 19732 | Gauntlet | Found a large runed translucent door.
 19732 | Gauntlet | Found a large runed translucent door.
 19733 | Gauntlet | Found a large runed translucent door.
 19734 | Gauntlet | Found a large runed translucent door.
 19735 | Gauntlet | Found a large runed translucent door.
 19735 | Gauntlet | Found a large runed translucent door.
 19735 | Gauntlet | Found a runed translucent door.
 19736 | Gauntlet | Found a large runed translucent door.
 19737 | Gauntlet | Found a large runed translucent door.
 20020 | Gauntlet | Killed a great orb of eyes
 20070 | Gauntlet | Identified the +7 long sword of Truncation {freeze, Int+4}
 20074 | Gauntlet | Identified the ring "Gantawn" {Will+ Dex+3 Slay+4}
 20194 | Gauntlet | Killed a dire elephant
 20262 | Gauntlet | Noticed a minotaur
 20296 | Gauntlet | Killed a minotaur
 20308 | Gauntlet | Identified the +2 cloak "Lelilic" {SInv}
 20309 | Gauntlet | Got the Precepts of Subspace
 20466 | Lair:1   | You fall into a shaft and drop 1 floor!
 20466 | Lair:2   | Noticed a death yak
 20466 | Lair:2   | Noticed a death yak
 20505 | Lair:2   | Identified the +6 long sword of Olorgh {speed, rCorr}
 20608 | Lair:2   | Reached skill level 10 in Shields
 20608 | Lair:2   | Reached XP level 13. HP: 75/90 MP: 16/16
 20714 | Lair:2   | HP: 1/90 [lindwurm/blast of flame (17)]
 20971 | Lair:2   | Found a dark tunnel.
 21007 | Volcano  | Entered a volcano
 21777 | D:1      | Bought a book of Weapons for 280 gold pieces
 22086 | Lair:1   | Reached skill level 5 in Long Blades
 22934 | Lair:2   | Reached skill level 11 in Shields
 23082 | Lair:2   | Found a staircase to the Snake Pit.
 23510 | Lair:2   | Learned a level 4 spell: Iskenderun's Mystic Blast
 23642 | Lair:2   | Reached skill level 1 in Conjurations
 23649 | Lair:2   | Reached skill level 1 in Translocations
 24061 | Lair:3   | Found a staircase to the Shoals.
 24234 | Lair:3   | Noticed Josephine
 24250 | Lair:3   | Killed Josephine
 24617 | Lair:3   | Reached XP level 14. HP: 97/97 MP: 16/20
 24725 | Lair:3   | Reached skill level 5 in Conjurations
 24813 | Lair:3   | Reached skill level 12 in Shields
 25691 | D:1      | Bought a book of Vapours for 260 gold pieces
 25695 | D:1      | Learned a level 3 spell: Mephitic Cloud
 26014 | Lair:4   | Found a transporter.
 26015 | Lair:4   | Found a transporter.
 27244 | Lair:5   | Entered Level 5 of the Lair of Beasts
 27260 | Lair:5   | Reached skill level 5 in Translocations
 27284 | Lair:5   | Noticed Urug
 27431 | Lair:5   | Noticed Nessos
 27436 | Lair:5   | Killed Nessos
 27534 | Lair:5   | Killed Urug
 27541 | Lair:5   | Noticed Sonja
 27543 | Lair:5   | Sonja changed into Sonja the culicivora
 27543 | Lair:5   | Noticed Sonja
 27547 | Lair:5   | Killed Sonja the culicivora
 27752 | Lair:5   | Reached skill level 5 in Spellcasting
 28159 | Lair:5   | Reached skill level 1 in Air Magic
 28267 | Lair:5   | Reached skill level 13 in Shields
 28340 | Lair:5   | Found a viscous altar of Jiyva.
 28340 | Lair:5   | Found a staircase to the Slime Pits.
 28708 | Lair:5   | Reached XP level 15. HP: 102/102 MP: 18/22
 29710 | Orc:1    | Entered Level 1 of the Orcish Mines
 29933 | Orc:1    | Found a bloodstained altar of Trog.
 30439 | Orc:2    | Entered Level 2 of the Orcish Mines
 30602 | Orc:2    | Noticed an orc warlord
 30853 | Orc:2    | Killed an orc warlord
 30854 | Orc:2    | Reached skill level 10 in Fighting
 30926 | Orc:2    | Found a burning altar of Makhleb.
 31204 | Orc:2    | Found a staircase to the Elven Halls.
 31323 | Orc:2    | Reached skill level 5 in Alchemy
 31550 | Orc:2    | Noticed an orc warlord
 31562 | Orc:2    | Killed an orc warlord
 31605 | Orc:2    | Found Huular's Book Shoppe.
 31617 | Orc:2    | Bought a manual of Long Blades for 1120 gold pieces
 31972 | Orc:2    | Found Vetuos's Antique Weapon Shoppe.
 31973 | Orc:2    | Found a roughly hewn altar of Beogh.
 31974 | Orc:2    | Found Vayteig's Antique Armour Shoppe.
 32052 | Orc:2    | Found Fuxzeom's Distillery.
 32058 | Orc:2    | Bought a potion of might for 52 gold pieces
 32058 | Orc:2    | Bought 2 potions of heal wounds for 130 gold pieces
 32058 | Orc:2    | Bought a potion of might for 52 gold pieces
 32058 | Orc:2    | Bought a potion of enlightenment for 65 gold pieces
 32452 | D:13     | Learned a level 5 spell: Freezing Cloud
 32534 | D:13     | Found a portal to a secret trove of treasure.
 32800 | D:13     | Found a shimmering altar of Xom.
 33028 | D:14     | Found a broken altar of Ashenzari.
 33061 | D:14     | Noticed Agnes
 33073 | D:14     | Killed Agnes
 33102 | D:14     | Reached skill level 1 in Ice Magic
 33270 | D:14     | Noticed Lodul
 33283 | D:14     | Killed Lodul
 33343 | D:14     | Reached skill level 14 in Shields
 33407 | D:14     | Reached skill level 10 in Conjurations
 33407 | D:14     | Reached XP level 16. HP: 111/111 MP: 22/25
 33796 | D:14     | Found a gate to the Vaults.
 34010 | D:15     | Entered Level 15 of the Dungeon
 34251 | D:15     | Identified the +1 glaive of the Turnip {venom, Dex+4}
 35167 | D:15     | Found a staircase to the Depths.
 35581 | Snake:1  | Entered Level 1 of the Snake Pit
 36144 | Snake:1  | Identified the +6 hand axe "Xeyfon" {venom, rN++ Dex+3}
 36334 | Snake:1  | Found Webovi's General Store.
 36346 | Snake:1  | Bought a scroll of acquirement for 624 gold pieces
 36348 | Snake:1  | Acquired 890 gold pieces
 36473 | Snake:2  | Found a basalt altar of Yredelemnul.
 36533 | Snake:2  | Reached skill level 5 in Air Magic
 36651 | Snake:2  | Noticed a nagaraja
 36666 | Snake:2  | Killed a nagaraja
 36886 | Snake:2  | Noticed a nagaraja
 36936 | Snake:2  | Killed a nagaraja
 37423 | Snake:3  | Reached skill level 5 in Ice Magic
 38200 | Snake:3  | Noticed Roxanne
 38249 | Snake:3  | Reached XP level 17. HP: 85/116 MP: 12/27
 38445 | Snake:3  | Reached skill level 15 in Shields
 38990 | Snake:3  | Identified the serpent talisman of Suaty {rElec rF+ Str+3
                  | Int-4}
 38990 | Snake:3  | Noticed Aizul
 39000 | Snake:3  | HP: 4/116 [Aizul/bolt of poison (21)]
 39486 | Snake:3  | Killed Aizul
 39936 | Snake:4  | Entered Level 4 of the Snake Pit
 40559 | Snake:4  | Found a runed translucent door.
 40568 | Snake:4  | Noticed yleetSyT's ghost (adept DrGl)
 40786 | Snake:4  | Found Qyecs's Jewellery Boutique.
 40808 | Snake:4  | Reached skill level 10 in Long Blades
 41327 | Snake:4  | Bought a ring of poison resistance for 240 gold pieces
 42122 | Snake:4  | Reached skill level 10 in Dodging
 43417 | Snake:4  | Got a serpentine rune of Zot
 43710 | Shoals:1 | Entered Level 1 of the Shoals
 43752 | Lair:3   | Learned a level 4 spell: Olgreb's Toxic Radiance
 43757 | Lair:3   | Learned a level 4 spell: Ignite Poison
 43967 | Shoals:1 | Reached XP level 18. HP: 66/124 MP: 19/28
 45666 | Shoals:2 | Noticed Mlioglotl
 45870 | Shoals:2 | Killed Mlioglotl
 46100 | Shoals:2 | Found Kifririn's Gadget Gallery.
 47485 | Shoals:3 | Noticed Polyphemus
 47529 | Shoals:3 | Killed Polyphemus
 48086 | Shoals:3 | Identified the +4 scale mail "Rooxteik" {rN++ Will- Str+5}
 48091 | Shoals:3 | Found a hide-covered altar of Uskayaw.
 48489 | Shoals:4 | Entered Level 4 of the Shoals
 48489 | Shoals:4 | Identified the +4 tower shield "Umufoi" {Str+3 Int+3}
 48489 | Shoals:4 | Noticed Louise
 48502 | Shoals:4 | Killed Louise
 49163 | Shoals:4 | Learned a level 5 spell: Summon Mana Viper
 49223 | Shoals:4 | Got the Tome of Summoned Spellbinding
 49331 | Shoals:4 | Reached skill level 16 in Shields
 49353 | Shoals:4 | Reached skill level 1 in Hexes
 49655 | Shoals:4 | Got a barnacled rune of Zot
 49809 | Shoals:4 | Reached XP level 19. HP: 129/131 MP: 13/29
 50881 | Vaults:1 | Entered Level 1 of the Vaults
 51432 | Vaults:1 | Identified the +4 halberd of Qujiuveapi {freeze, +Blink rC-
                  | Will+ Stlth+}
 51733 | Vaults:1 | Reached skill level 5 in Hexes
 52946 | Vaults:2 | Identified the +8 hand axe of the Iron City of Dis {freeze,
                  | Str+5}
 53015 | Vaults:2 | Found Xesuf's Magic Scroll Shoppe.
 53032 | Vaults:2 | Reached skill level 17 in Shields
 53913 | Vaults:2 | Identified the +1 hat "Xoj Johu" {rElec rCorr Dex+3}
 54007 | Vaults:2 | Reached XP level 20. HP: 95/137 MP: 22/30
 54478 | Vaults:2 | Found the +12 glaive of Prune {freeze, Prune}
 54726 | Vaults:2 | Upgraded the game from 0.32-a0-814-g0968bab981 to
                  | 0.32-a0-818-gb728d0252e
 55256 | Vaults:3 | Found a staircase to the Crypt.
 55478 | Vaults:3 | Acquired a manual of Hexes
 55824 | Vaults:3 | Found Aqick's General Store.
 55860 | Vaults:3 | Bought a potion of resistance for 160 gold pieces
 55860 | Vaults:3 | Bought a ring of flight for 280 gold pieces
 56113 | Vaults:3 | Found a runed translucent gate.
 56113 | Vaults:3 | Found a runed translucent gate.
 56113 | Vaults:3 | Found a runed translucent gate.
 56114 | Vaults:3 | Noticed Xedevy's ghost (adept KoEn)
 57886 | Vaults:4 | Learned a level 1 spell: Apportation
 58526 | Vaults:4 | Found a transporter.
 58529 | Vaults:4 | Noticed Xedevy's ghost (adept KoEn)
 58529 | Vaults:4 | Found a transporter.
 59045 | Elf:1    | Entered Level 1 of the Elven Halls
 59236 | Elf:1    | Reached skill level 18 in Shields
 59437 | Elf:1    | Got Pacecs's Vellum of the Gang
 60044 | Elf:1    | Found Bayshrinon's Weapon Emporium.
 60221 | Elf:2    | Found Cemifr Hota's Assorted Antiques.
 60239 | Elf:2    | Bought a potion of haste for 320 gold pieces
 60363 | Elf:2    | Reached XP level 21. HP: 145/145 MP: 28/33
 60737 | Elf:2    | Found a runed translucent gate.
 60739 | Elf:2    | Found a runed translucent gate.
 60739 | Elf:2    | Found a runed translucent gate.
 61263 | Elf:3    | Entered Level 3 of the Elven Halls
 61327 | Elf:3    | Found a runed translucent gate.
 61328 | Elf:3    | Found a runed translucent gate.
 61328 | Elf:3    | Found a runed translucent gate.
 61416 | Elf:3    | Found a runed translucent gate.
 61416 | Elf:3    | Found a runed translucent gate.
 61419 | Elf:3    | Found a runed translucent gate.
 61420 | Elf:3    | Noticed Quimia Kaeg's ghost (adept MiBe)
 61492 | Elf:3    | Learned a level 7 spell: Malign Gateway
 61875 | Elf:3    | Identified the +6 chain mail of Elyvilon, Loving {-Cast
                  | rN++ Str+2}
 61915 | Elf:3    | Identified the +3 falchion of Distant Worlds {vamp, *Slow
                  | rF+ rN++ SInv}
 62336 | Elf:3    | Noticed Nikola
 62347 | Elf:3    | Killed Nikola
 62425 | Elf:3    | Identified the +2 robe "Sisusmec" {Rampage Fly rC-}
 62839 | Elf:3    | Identified the staff of Noimp {rPois rF+ rC- Will+ Fire}
 62887 | Elf:3    | Identified the +8 rapier "Wollull" {drain, rElec rN+ Will+
                  | Int+3 Dex+3}
 63202 | Elf:3    | Identified the +6 arbalest of Ysaor {antimagic, rElec rC+
                  | rN+ Int-3}
 63228 | Elf:3    | Identified the staff of the Known World {rPois rF+ Alchemy}
 63892 | D:6      | Killed smashvw's ghost
 64025 | D:9      | Killed jamsaran's ghost
 64447 | Lair:2   | Identified the +9 glaive of Infinite Pain {speed, rElec
                  | rN++ Str-3 Int+4}
 64808 | Depths:1 | Entered Level 1 of the Depths
 64808 | Depths:1 | Found a hide-covered altar of Uskayaw.
 64817 | Depths:1 | Reached skill level 10 in Translocations
 64955 | Depths:1 | Noticed Saint Roka
 64968 | Depths:1 | Reached XP level 22. HP: 95/153 MP: 13/35
 64975 | Depths:1 | Killed Saint Roka
 65290 | Depths:1 | Found a gateway to Hell.
 65731 | Depths:1 | Found a runed translucent gate.
 65731 | Depths:1 | Found a runed translucent gate.
 65731 | Depths:1 | Found a runed translucent gate.
 66869 | Depths:2 | You fall into a shaft and drop 1 floor!
 66876 | Depths:3 | Noticed Xtahua
 66879 | Depths:3 | Noticed a juggernaut
 66888 | Depths:3 | Identified the +7 spear "Zutraic" {elec, Fly}
 67641 | Depths:2 | Noticed a caustic shrike
 67652 | Depths:2 | Killed a caustic shrike
 67869 | Depths:2 | Found a one-way gateway to a ziggurat.
 68171 | Depths:2 | Found a one-way gate leading to the halls of Pandemonium.
 68591 | Depths:2 | Found an opulent altar of Gozag.
 68629 | Depths:2 | Reached skill level 19 in Shields
 70131 | Depths:3 | Killed a juggernaut
 70154 | Depths:3 | Reached skill level 15 in Summonings
 70750 | Depths:2 | Killed Xtahua
 71777 | Depths:3 | Identified the staff of Ynierchu {rCorr MP+9 Stlth- Summ
                  | Earth}
 71780 | Depths:3 | Identified the +5 arbalest of a Million Visionaries {flame,
                  | Int+2 Dex+4 SInv}
 72167 | Depths:3 | Found a one-way gate to the infinite horrors of the Abyss.
 72238 | Depths:3 | Identified the +3 orcbow of Eternal Vigilance {heavy, rPois
                  | Str+2}
 72422 | Depths:3 | Reached XP level 23. HP: 134/155 MP: 23/36
 72607 | Depths:3 | Noticed Norris
 72619 | Depths:3 | Killed Norris
 72898 | Depths:4 | Entered Level 4 of the Depths
 73888 | Depths:4 | Found an ornate altar of the Wu Jian Council.
 74049 | Depths:4 | Reached skill level 20 in Shields
 74157 | Depths:4 | Found a gate to the Realm of Zot.
 74166 | Depths:4 | Noticed a golden dragon
 74186 | Depths:4 | Noticed a golden dragon
 74190 | Depths:4 | Killed a golden dragon
 74636 | Depths:4 | Killed a golden dragon
 75325 | Vaults:5 | Entered Level 5 of the Vaults
 75526 | Vaults:5 | Identified the +0 robe "Loluneoh" {*Corrode rC+ Stlth+}
 76695 | Vaults:5 | Got a silver rune of Zot
 76818 | Vaults:5 | Identified the +9 morningstar of Gravity {flame, ^Fragile
                  | rC+ Str+4 Stlth+}
 76995 | Vaults:5 | Found Xoanyugh's Antique Armour Boutique.
 77213 | Vaults:5 | Found Rouph's Jewellery Shop.
 77848 | Slime:1  | Entered Level 1 of the Pits of Slime
 78132 | Lair:5   | Paralysed by a formless jellyfish for 1 turns
 78545 | Lair:5   | Reached XP level 24. HP: 155/164 MP: 30/36
 78905 | Slime:1  | Gained mutation: You occasionally lose the ability to read
                  | scrolls when taking damage. [a shining eye]
 78908 | Slime:1  | Gained mutation: You are frail. (-10% HP) [a shining eye]
 78912 | Slime:1  | Lost mutation: You are frail. (-10% HP) [potion of
                  | mutation]
 78912 | Slime:1  | Lost mutation: You occasionally lose the ability to read
                  | scrolls when taking damage. [potion of mutation]
 78912 | Slime:1  | Gained mutation: You are covered in fur. (AC +1) [potion of
                  | mutation]
 78912 | Slime:1  | Gained mutation: Your system is resistant to poisons.
                  | (rPois) [potion of mutation]
 78912 | Slime:1  | Gained mutation: Your flesh is cold resistant. (rC+)
                  | [potion of mutation]
 80067 | Zot:1    | Entered Level 1 of the Realm of Zot
 80577 | Zot:1    | Found a transporter.
 81254 | Zot:1    | Reached skill level 15 in Dodging
 81293 | Zot:1    | Reached skill level 21 in Shields
 82045 | D:1      | Bought a scroll of blinking for 75 gold pieces
 83864 | Zot:1    | Learned a level 6 spell: Summon Cactus Giant
 84038 | Zot:2    | Reached skill level 10 in Spellcasting
 86569 | Zot:3    | Reached skill level 15 in Fighting
 86576 | Zot:3    | Reached XP level 25. HP: 147/174 MP: 34/37
 87743 | Zot:3    | Noticed Vv
 88856 | Zot:3    | Killed Vv
 88993 | Zot:5    | Entered Level 5 of the Realm of Zot
 89098 | Zot:5    | Reached skill level 22 in Shields
 89250 | Zot:5    | Identified the +11 long sword "Besiugoh" {heavy, rCorr
                  | SInv}
 89272 | Zot:5    | Noticed an orb of fire
 89272 | Zot:5    | Noticed an orb of fire
 89272 | Zot:5    | Noticed a dread lich
 89284 | Zot:5    | Killed a dread lich
 89287 | Zot:5    | Noticed an orb of fire
 89289 | Zot:5    | Noticed an orb of fire
 89291 | Zot:5    | Noticed a Killer Klown
 89297 | Zot:5    | Noticed an orb of fire
 89299 | Zot:5    | Killed an orb of fire
 89303 | Zot:5    | Killed an orb of fire
 89304 | Zot:5    | Killed an ancient lich
 89610 | Zot:5    | Got the Orb of Zot
 89619 | Zot:5    | Killed a Killer Klown
 89690 | Zot:4    | Found a stormy altar of Qazlal.
 89712 | Zot:4    | Noticed Dunaeda the pandemonium lord
 89715 | Zot:4    | Noticed Ceidau Koxo the pandemonium lord
 90302 | D:$      | Escaped with the Orb!

Illustrated notes

Levels and vault maps discovered:
D:1:      minmay_arrival_stair_chambers, layout_loops_ring, serial_shops,
          nicolae_shop_behind_doors, nicolae_shop_tiny_real_fake_doors, shop,
          shop
D:2:      layout_loops_ring, hellmonk_ecumenical_altar_watching_god,
          uniq_jessica, uniq_sigmund
D:3:      layout_loops_ring, marbit_many_paths
D:4:      wad_river_or_something, layout_loops_corners, jmf_multi_god_temple2
D:5:      layout_basic, grunt_dithmenos_shadows, mainiacjoe_overflow_boulevard,
          uniq_crazy_yiuf_cottage
D:6:      minmay_goblin_kobold_castle, layout_cave_pods,
          cheibrodos_worm_habitat, minmay_temple_entry_waves,
          ebering_ghost_sewer_f
D:7:      layout_basic, lemuel_tele_altar, kennysheep_little_box
D:8:      layout_loops_ring, nicolae_ru_great_annihilating_truth, serial_shops,
          shop_statue, hangedman_decor_slide_cut, amethyst_killhole,
          minivault_12
D:9:      layout_long_grid, mainiacjoe_overflow_cross_hatched, kennysheep_mini,
          nicolae_qazlal_eye_of_the_storm, david_lair_shrubbed,
          gammafunk_ghost_necromancy, minmay_misc_feat_square
D:10:     wad_woods_minihive, layout_loops_cross, okawaru_humans,
          serial_nicolae_subway, nicolae_sub_station_metal,
          nicolae_sub_station_crystal, nicolae_sub_station_stone
D:11:     layout_stronghold
D:12:     layout_loops_ring, orc_0_dummy, uniq_gastronok
D:13:     layout_cave_pools, enter_trove_2, led_xom_imps
D:14:     layout_basic, david_vaults_2, ashenzari_altar_1, uniq_lodul,
          uniq_agnes
D:15:     gammafunk_depths_entry_grave, layout_loops_ring, reono_crystal_passage
Temple:   corrupted_temple
Lair:1:   layout_cellular_growth, gauntlet_entry_generic, lemuel_fruit_tree
Lair:2:   minmay_lair_oklob_chamber, layout_cave_pods,
          nicolae_snake_entry_warm_welcome, nicolae_volcano_entry_vermiform,
          serial_bayou_shore_b, grunt_megastairs_3
Lair:3:   beast_lair_carwin_large_3, layout_gridlike,
          minmay_shoals_entry_beasts, serial_bayou_shore_b, uniq_josephine
Lair:4:   gammafunk_boulding_lane, layout_cave_pods, hellmonk_talismancer
Lair:5:   gammafunk_lair_ancient_temple, layout_layer_cave, slime_entry_1,
          nicolae_quartered_pool_impasse, uniq_nessos, uniq_sonja, uniq_urug
Shoals:1: layout_shoals
Shoals:2: layout_shoals, nicolae_shop_gadgets, uniq_mlioglotl
Shoals:3: layout_shoals, regret_index_shoals_crete, uniq_polyphemus
Shoals:4: shoals_end_hangedman, layout_shoals, uniq_louise
Snake:1:  layout_grid_shapes, serial_shops, shop
Snake:2:  layout_rooms, basic_altar, serial_bayou_shore_a
Snake:3:  layout_onion, grunt_megastairs_1, uniq_roxanne, uniq_aizul
Snake:4:  snake_pit, layout_cave_town, serial_shops, nicolae_shop_gaudy_bauble,
          hellmonk_ghost_happy_afterlife, grunt_megastairs_2
Slime:1:  layout_caves
Slime:2:  layout_caves
Slime:3:  layout_caves, uniq_dissolution
Slime:4:  layout_caves
Orc:1:    layout_caves, trog_butcher_becter
Orc:2:    hellmonk_orc_salted, layout_diamond_mine, basic_altar
Elf:1:    eino_elf_arrival_customs, layout_geoelf_grid, serial_shops,
          nicolae_shop_bloodbath_and_beyond, minmay_elf_demonology
Elf:2:    nicolae_elf_blades_crystal_corner, layout_geoelf_octagon,
          serial_shops, shop, nrook_mini_backslash, moated_statue,
          serial_sigils_hangedman_stare
Elf:3:    nooodl_elf_gasket, layout_rooms, gammafunk_ghost_split,
          nicolae_gammafunk_elf_defective_weapons_storage, uniq_nikola
Vaults:1: nicolae_vaults_bisected_slash, nicolae_vaults_network_periphery,
          v_rooms_6, v_rooms_6, v_misc_24, nicolae_vaults_ninety_degrees,
          nicolae_vaults_diamond_1, vaults_room_grunt_arrival_checkpoint,
          nicolae_vaults_sesquioval_fish, vaults_room_hangedman_quadrants,
          layout_vaults_big_room
Vaults:2: portal_desolation_entry_nicolae_slug, nicolae_vaults_trapezoid_2,
          grunt_vaults_bifocal, ontoclasm_vaults_decontamination, v_misc_26,
          v_rooms_4, nicolae_vaults_shipping_containers_3,
          nicolae_vaults_little_squares_2, nicolae_vaults_tangram_1,
          nicolae_vaults_house_1, v_misc_28, nicolae_vaults_sightless_eye,
          grunt_vaults_swirl, layout_vaults_maze_snakey, serial_shops, shop
Vaults:3: gammafunk_ghost_spectres, nicolae_vaults_closet_pinwheel_3,
          nicolae_vaults_trapezoid_1, nicolae_vaults_trapezoid_lopsided_1,
          minmay_crypt_entry_vampire_xt, nicolae_vaults_corridor_and_loot_room,
          nicolae_vaults_prndl, ontoclasm_vaults_twist, v_misc_19,
          nicolae_vaults_little_squares_6, nicolae_vaults_angled_halls,
          v_rooms_5, serial_ice_b, layout_vaults_omnicross, serial_shops, shop
Vaults:4: gammafunk_ghost_arena, ontoclasm_vaults_pinch,
          nicolae_vaults_wine_cellar, nicolae_vaults_alarming,
          nicolae_vaults_two_Ls, layout_vaults_omnigrid
Vaults:5
Depths:1: layout_roguey, pf_coc_iceberg, nicolae_uskayaw_dance_hall,
          ploomutoo_gammafunk_ghost_potion_laboratory, st_stairs_12,
          serial_bayou_crossing, uniq_saint_roka
Depths:2: evilmike_pillar_path, layout_cave_shapes, enter_ziggurat_f,
          grunt_gozag_statues, lightli_too_deep, pan_entry
Depths:3: minmay_the_grid_3x3 [minmay_the_grid_expand, minmay_the_grid_gridbox,
          minmay_the_grid_spikes, minmay_the_grid_aliased_spiral,
          minmay_the_grid_square_x, minmay_the_grid_minigrid_large,
          minmay_the_grid_rooms, minmay_the_grid_holed_spiral,
          minmay_the_grid_prize_diamond_cup], layout_cave_shapes,
          hangedman_decor_growths, minmay_room_of_horrors, hell_entry,
          kennysheep_big_empty_room, uniq_xtahua, uniq_norris
Depths:4: grunt_crosshair, layout_honeycomb, hellmouth_1,
          chequers_serial_rivers_small_3, nicolae_wu_jian_wuxing_cycle
Zot:1:    layout_gridlike, regret_index_zotdec_barnacled_alternative,
          regret_index_zotdec_serpentine_scales, nicolae_diode_basic
Zot:2:    layout_concentric_octagons
Zot:3:    grunt_deathspiral_small, layout_cathedral_of_symmetry, uniq_vv
Zot:4:    layout_misc_corridors, regret_index_zotdec_storm_pass,
          st_single_dragon_hoard_1
Zot:5:    layout_basic, nicolae_transporter_intersection

Skill      XL: |  1  2  3  4  5  6  7  8  9 10 11 12 13 14 15 16 17 18 19 20 21 22 23 24 25 |
---------------+----------------------------------------------------------------------------+-----
Stealth        | 3 4 5 6 7 |  7.2
Summonings     | 5 6 7 8 9 10 11 13 15 17 | 17.5
Fighting       | 1 2 4 6 7 8 9 10 11 12 13 15 16 | 16.4
Dodging        | 3 5 6 7 8 9 10 11 13 14 15 17 | 17.3
Fire Magic     | 1 3 5 6 7 8 |  8.5
Alchemy        | 3 5 7 |  7.0
Long Blades    | 1 3 6 9 11 14 | 14.0
Shields        | 5 10 11 13 14 15 16 17 18 19 20 21 22 | 22.4
Spellcasting   | 4 5 6 7 8 9 10 | 10.0
Conjurations   | 4 9 10 12 13 | 13.2
Translocations | 3 6 10 12 14 | 14.9
Air Magic      | 2 6 8 |  8.0
Ice Magic      | 1 5 7 |  7.6
Hexes          | 2 6 7 |  7.2

Action                     |  1- 3 |  4- 6 |  7- 9 | 10-12 | 13-15 | 16-18 | 19-21 | 22-24 | 25-27 || total
---------------------------+-------+-------+-------+-------+-------+-------+-------+-------+-------++-------
  Melee: Unarmed           |    15 |       |       |       |       |       |       |       |       ||    15
         Constrict         |    10 |    10 |    42 |    42 |   122 |   102 |   159 |   118 |    28 ||   633
         Tentacles         |     8 |     7 |    48 |    55 |   198 |   252 |   355 |   444 |    71 ||  1438
         Dagger            |    38 |    40 |   190 |   185 |       |       |       |       |       ||   453
         Long sword        |       |       |       |    14 |   587 |   654 |   746 |       |       ||  2001
         Katana            |       |       |       |       |       |       |   170 |  1305 |   183 ||  1658
  Throw: Dart              |       |       |       |       |    18 |     9 |     3 |     3 |       ||    33
   Cast: Summon Small Mamm |     5 |     1 |       |       |       |       |       |       |       ||     6
         Call Imp          |     1 |    11 |    18 |     4 |     9 |     2 |       |       |       ||    45
         Call Canine Famil |     1 |    10 |    17 |     5 |    10 |     2 |       |       |       ||    45
         Summon Blazeheart |       |       |    25 |    89 |    87 |    24 |     8 |     4 |       ||   237
         Sticky Flame      |       |       |       |     1 |       |     8 |       |       |       ||     9
         Mephitic Cloud    |       |       |       |       |     3 |     6 |    12 |       |       ||    21
         Iskenderun's Myst |       |       |       |       |     3 |     4 |     4 |    27 |     4 ||    42
         Freezing Cloud    |       |       |       |       |       |   122 |    61 |    71 |    18 ||   272
         Olgreb's Toxic Ra |       |       |       |       |       |    43 |    41 |    46 |     6 ||   136
         Ignite Poison     |       |       |       |       |       |    35 |    40 |    37 |     3 ||   115
         Summon Mana Viper |       |       |       |       |       |       |    35 |    68 |    12 ||   115
         Apportation       |       |       |       |       |       |       |     3 |     1 |       ||     4
         Malign Gateway    |       |       |       |       |       |       |       |     5 |     2 ||     7
         Summon Cactus Gia |       |       |       |       |       |       |       |     2 |     1 ||     3
 Invoke: Bribe Branch      |       |       |       |       |       |       |       |     2 |     5 ||     7
  Evoke: Wand              |       |       |     6 |     4 |     9 |     9 |     6 |     6 |     9 ||    49
         Phantom mirror    |       |       |       |       |       |       |       |       |     1 ||     1
    Use: Scroll            |       |     9 |    10 |     8 |     4 |    10 |     3 |     9 |     4 ||    57
         Potion            |       |       |       |       |     1 |     9 |     1 |     9 |     5 ||    25
   Stab: Sleeping          |    12 |    13 |     8 |     7 |     5 |    13 |    18 |     5 |       ||    81
         Distracted        |       |     2 |     1 |     3 |    11 |     5 |    10 |    22 |     5 ||    59
         Paralysed         |       |       |       |     1 |       |       |       |       |       ||     1
         Confused          |       |       |       |       |     4 |     3 |     9 |       |       ||    16
 Armour: Skin              |    16 |    18 |   110 |    95 |    78 |   165 |    82 |   243 |    43 ||   850
  Dodge: Dodged            |    26 |    13 |   116 |   259 |   201 |   256 |   201 |   465 |    76 ||  1613
  Block: Other             |     2 |     7 |    36 |    60 |       |       |       |       |       ||   105
         Reflection        |       |     1 |     5 |     6 |    41 |   143 |   133 |    43 |     2 ||   374
         Buckler           |       |       |       |    17 |       |       |       |       |       ||    17
         Kite shield       |       |       |       |    17 |   449 |   603 |       |       |       ||  1069
         Tower shield      |       |       |       |       |       |    85 |   719 |  1273 |   167 ||  2244

Table legend: (Time is in decaauts)
 A = Elapsed time spent in this place.
 B = Non-inter-level travel time spent in this place.
 C = Inter-level travel time spent in this place.
 D = Time resting spent in this place.
 E = Time spent auto-exploring this place.
 F = Levels seen in this place.
 G = Mean time per level.
                   A        B        C        D        E       F      G
               +--------+--------+--------+--------+--------+-----+--------+
         Total |  89494 |  78241 |  11253 |  22456 |  21175 |  54 | 1657.3 |
       Dungeon |  26951 |  20316 |   6635 |   3361 |  10526 |  15 | 1796.7 |
        Temple |     28 |     15 |     13 |      0 |      0 |   1 |   28.0 |
          Lair |   9341 |   8307 |   1034 |   1428 |   3133 |   5 | 1868.2 |
        Shoals |   6620 |   6419 |    201 |   1918 |   2181 |   4 | 1655.0 |
     Snake Pit |   7915 |   7655 |    260 |   3229 |    605 |   4 | 1978.8 |
    Slime Pits |   1159 |   1108 |     51 |    196 |    486 |   4 |  289.8 |
  Orcish Mines |   2593 |   2297 |    296 |    308 |    495 |   2 | 1296.5 |
   Elven Halls |   4479 |   4316 |    163 |    968 |    838 |   3 | 1493.0 |
        Vaults |   9990 |   9240 |    750 |   2731 |   1408 |   5 | 1998.0 |
        Depths |  10611 |   9176 |   1435 |   4399 |    907 |   4 | 2652.8 |
           Zot |   8651 |   8240 |    411 |   3754 |    371 |   5 | 1730.2 |
       Volcano |    459 |    459 |      0 |    120 |     57 |   1 |  459.0 |
      Gauntlet |    691 |    691 |      0 |     41 |    168 |   1 |  691.0 |
               +--------+--------+--------+--------+--------+-----+--------+

Top non-repeatable levels by time:
   Zot:1: 3809 daAuts
Depths:2: 3731 daAuts
     D:6: 3160 daAuts
Depths:3: 3041 daAuts
 Snake:4: 3001 daAuts
 Snake:3: 2911 daAuts
Depths:1: 2479 daAuts
     D:9: 2438 daAuts
  Lair:2: 2424 daAuts
     D:5: 2400 daAuts
  Lair:5: 2399 daAuts
Vaults:2: 2268 daAuts
   Elf:3: 2244 daAuts
    D:10: 2218 daAuts
   Zot:3: 2187 daAuts
